 Dungeon Crawl Stone Soup version 0.30-a0-782-ge64f9170bb (webtiles) character file.

Game seed: 3764493701845446108

1 Barriton the Conjurer (level 1, -9/14 HPs)
             Began as a Draconian Conjurer on Feb 21, 2023.
             Mangled by a goblin
             ... wielding a +2 dagger of electrocution
              (15 damage)
             ... on level 1 of the Dungeon.
             The game lasted 00:00:06 (145 turns).

Barriton the Conjurer (Draconian Conjurer)           Turns: 145, Time: 00:00:06

Health: -9/14      AC:  4    Str:  9    XL:     1   Next: 16%
Magic:  0/3        EV:  9    Int: 18    God:
Gold:   33         SH:  0    Dex:  9    Spells: 3/4 levels left

rFire   . . .      SeeInvis .    (no weapon)
rCold   . . .      Faith    .    (no shield)
rNeg    . . .      Spirit   .    (body armour unavailable)
rPois   .          Reflect  .    (helmet restricted)
rElec   .          Harm     .    (no cloak)
rCorr   .          Rampage  .    (no gloves)
Will    .....                    (no boots)
Stlth   ++                       (no amulet)
HPRegen 0.22/turn                (no ring)
MPRegen 0.08/turn                (no ring)

@: constricted
A: AC +4, unfitting armour, cold-blooded
a: no special abilities


You were on level 1 of the Dungeon.
You visited 1 branch of the dungeon, and saw 1 of its levels.

You collected 33 gold pieces.

Inventory:

Potions
 a - a potion of magic
 b - a potion of might {unknown}


   Skills:
 + Level 1.7 Dodging
 + Level 1.7 Stealth
 + Level 2.0 Spellcasting
 + Level 4.0 Conjurations


You had 3 spell levels left.
You knew the following spells:

 Your Spells              Type           Power      Damage    Failure   Level
a - Magic Dart            Conj           64%        1d6       3%          1

Your spell library contained the following spells:

 Spells                   Type           Power      Damage    Failure   Level
 Searing Ray              Conj           32%        2d5       5%          2
 Dazzling Flash           Conj/Hex       18%        N/A       24%         3
 Fulminant Prism          Conj/Hex       4%         3d5       61%         4
 Iskenderun's Mystic Bla  Conj/Tloc      9%         2d4       61%         4


Dungeon Overview and Level Annotations

Branches:
Dungeon (1/15)

Altars:


Innate Abilities, Weirdness & Mutations

Your plain brown scales are hard. (AC +4)
You cannot fit into any form of body armour.
You are cold-blooded and may be slowed by cold attacks.


Message History

A goblin comes into view.
It is wielding a +2 dagger of electrocution.
There are monsters nearby!
There are monsters nearby!
The magic dart hits the goblin.
The goblin is moderately wounded.
The ball python hisses angrily.
The ball python barely misses you. The ball python grabs you.
The ball python constricts you.
The goblin hits you with a +2 dagger of electrocution.
The ball python barely misses you. The ball python constricts you.
The magic dart hits the ball python.
You kill the ball python!
The goblin barely misses you.
The magic dart hits the goblin.
The goblin is severely wounded.
The ball python misses you. The ball python grabs you.
The ball python constricts you. The goblin barely misses you.
You are out of magic!
You are out of magic!
You are out of magic!
You hit the ball python.
The ball python is moderately wounded.
The ball python barely misses you. The ball python constricts you.
The ball python bites you. The ball python constricts you.
The goblin closely misses you.
You barely miss the ball python.
The ball python is moderately wounded.
The ball python bites you but does no damage.
The ball python constricts you.
The goblin hits you with a +2 dagger of electrocution.
You barely miss the ball python.
The ball python is moderately wounded.
The ball python bites you but does no damage.
The ball python constricts you. The goblin hits you but does no damage.
You hit the ball python.
Your tail-slap misses the ball python.
The ball python is heavily wounded.
The ball python bites you. The ball python constricts you.
The goblin hits you but does no damage.
You are electrocuted!
Ouch! That really hurt!
You die...

####.#.#.#...####.#.#.#
###+#.#.###...##.#.#.#
#.....#.# ###.##.#.#.#
+.....#.# #.##.#)#.#
#.....#.#####..#.#.#.#
#.....#..........#.#.#
#.....########.###.#.#
#..................#.#
#...#@##.#......#..#.#
#...g#S.#.......#..#.#
###.# ##)#.###..#..#.#
... # #.+....#..#.# ###
. ##...#..#.. .
#...#..### #......#..
#....#...# #........#


You could see a goblin and a ball python.

Vanquished Creatures
  A ball python (D:1)
  A bat (D:1)
2 creatures vanquished.

Notes
Turn   | Place    | Note
-------+----------+-------------------------------------------
     0 | D:1      | Barriton the Draconian Conjurer began the quest for the
                  | Orb.
     0 | D:1      | Reached XP level 1. HP: 14/14 MP: 3/3
   145 | D:1      | Mangled by a goblin

Illustrated notes

Levels and vault maps discovered:
D:1:      nzn_arrival_depleted_hourglass, layout_basic,
          chequers_serial_rivers_micro_c, minmay_small_reverse_x

Action                     || total
---------------------------++-------
  Melee: Unarmed           ||     4
   Cast: Magic Dart        ||     4
 Armour: Skin              ||     4
  Dodge: Dodged            ||     7

Table legend: (Time is in decaauts)
 A = Elapsed time spent in this place.
 B = Non-inter-level travel time spent in this place.
 C = Inter-level travel time spent in this place.
 D = Time resting spent in this place.
 E = Time spent auto-exploring this place.
 F = Levels seen in this place.
 G = Mean time per level.
                   A        B        C        D        E       F      G
               +--------+--------+--------+--------+--------+-----+--------+
         Total |    145 |    145 |      0 |      0 |    131 |   1 |  145.0 |
       Dungeon |    145 |    145 |      0 |      0 |    131 |   1 |  145.0 |
               +--------+--------+--------+--------+--------+-----+--------+

Top non-repeatable levels by time:
     D:1: 145 daAuts
